 Dungeon Crawl Stone Soup version 0.31-a0-241-g00f4a5a00c (webtiles) character file.

Game seed: 5487145104529649796

11 qw the Shooter (level 2, 0/23 HPs)
             Began as a Minotaur Hexslinger on July 12, 2023.
             Slain by a kobold
             ... wielding a +0 club
              (2 damage)
             ... on level 1 of the Dungeon.
             The game lasted 00:00:03 (57 turns).

qw the Shooter (Minotaur Hexslinger)                  Turns: 57, Time: 00:00:03

Health: 0/23       AC:  2    Str: 12    XL:     2   Next: 17%
Magic:  2/2        EV: 12    Int: 10    God:
Gold:   14         SH:  0    Dex: 12    Spells: 2/3 levels left

rFire   . . .        a - +1 sling
rCold   . . .        (no shield)
rNeg    . . .        c - +0 robe
rPois   .            (helmet restricted)
rElec   .            (no cloak)
rCorr   .            (no gloves)
SInv    .            (no boots)
Will    .....        (no amulet)
Stlth   +            (no ring)
HPRegen 0.23/turn    (no ring)
MPRegen 0.08/turn

%: no passive effects
@: no status effects
A: horns 2, retaliatory headbutt
a: no special abilities


You were on level 1 of the Dungeon.
You visited 1 branch of the dungeon, and saw 1 of its levels.

You collected 14 gold pieces.


Innate Abilities, Weirdness & Mutations

You have a pair of horns on your head.
You reflexively headbutt those who attack you in melee.


   Skills:
 + Level 1.4 Fighting
 - Level 3.1 Ranged Weapons
 - Level 2.1 Dodging
 - Level 1.0 Spellcasting
 - Level 2.0 Hexes


You had 2 spell levels left.
You knew the following spells:

 Your Spells              Type           Power      Damage    Failure   Level
a - Slow                  Hex            16%        N/A       16%         1

Your spell library contained the following spells:

 Spells                   Type           Power      Damage    Failure   Level
 Inner Flame              Hex/Fire       2%         N/A       56%         3
 Portal Projectile        Hex/Tloc       4%         N/A       56%         3
 Cause Fear               Hex            2%         N/A       83%         4

Inventory:

Hand Weapons
 a - a +1 sling (weapon)
Armour
 c - a +0 robe (worn)
Scrolls
 b - a scroll of poison

Dungeon Overview and Level Annotations

Branches:
Dungeon (1/15)

Altars:


Message History

The kobold shouts!
The sling bullet hits the bat!
You kill the bat!
Your Ranged Weapons skill increases to level 3!
You have reached level 2!
You shoot a sling bullet. The sling bullet misses the goblin.
The sling bullet hits the jackal.
The jackal is almost dead.
The goblin hits you with a +0 club. The jackal barely misses you.
You furiously retaliate!
You headbutt the jackal.
You kill the jackal!
The goblin hits you but does no damage.
You shoot a sling bullet.
The sling bullet barely misses the ball python.
The jackal bites you but does no damage.
The ball python barely misses you. x2; The goblin hits you but does no damage.
The jackal bites you. x2; The ball python bites you.
The ball python grabs you. The ball python constricts you.
You shoot a sling bullet. The sling bullet hits the ball python.
You kill the ball python!
A giant cockroach comes into view.
The jackal bites you but does no damage.
The jackal bites you. The jackal closely misses you.
The goblin hits you but does no damage.
The jackal bites you but does no damage.
You shoot a sling bullet.
The sling bullet barely misses the jackal.
The jackal barely misses you. You furiously retaliate!
You headbutt the jackal!
You kill the jackal!
The jackal barely misses you. x2; You furiously retaliate!
You headbutt the jackal. The goblin hits you with a +0 club.
The jackal misses you.
You shoot a sling bullet. The sling bullet hits the jackal.
You kill the jackal!
The jackal closely misses you. You furiously retaliate!
You headbutt the jackal!
You kill the jackal!
The goblin hits you with a +0 club. The frilled lizard bites you.
The frilled lizard closely misses you. The goblin hits you with a +0 club.
The kobold hits you with a +0 club.
You die...

..... ..... ....
#..########
#..........
#..?.......
#lg%......
#.@K...... #
#(B.......
#.#.#.########
#...#.###
#......########.
##.......#......
#......|..#
#.......###
#.......#


You could see a giant cockroach, a goblin, a kobold and a frilled lizard.

Vanquished Creatures
  A bat (D:1)
  2 endoplasms (D:1)
  6 jackals (D:1)
  A quokka (D:1)
  A ball python (D:1)
11 creatures vanquished.

Notes
Turn   | Place    | Note
-------+----------+-------------------------------------------
     0 | D:1      | qw the Minotaur Hexslinger began the quest for the Orb.
     0 | D:1      | Reached XP level 1. HP: 16/16 MP: 1/1
     0 | D:1      | 0 ||| qw: Version: 0.3-a-52-g30416fa
     0 | D:1      | 0 ||| qw: Game counter: 6187
     0 | D:1      | 0 ||| qw: Melee chars always use a shield: true
     0 | D:1      | 0 ||| qw: God list: Okawaru
     0 | D:1      | 0 ||| qw: Allow faded altars: false
     0 | D:1      | 0 ||| qw: Do Orc after clearing Dungeon:15 true
     0 | D:1      | 0 ||| qw: Do second Lair branch before Depths: true
     0 | D:1      | 0 ||| qw: Lair rune preference: random
     0 | D:1      | 0 ||| qw: Goals: Normal
     0 | D:1      | 0 ||| PLANNING D:1-11
    53 | D:1      | Reached skill level 3 in Ranged Weapons
    53 | D:1      | Reached XP level 2. HP: 23/23 MP: 2/2
    57 | D:1      | HP: 2/23 [goblin/+0 club (4)]
    57 | D:1      | Slain by a kobold

Levels and vault maps discovered:
D:1:      minmay_arrival_hallway, layout_rooms,
          shapermc_ecumenical_altar_totnotflames, grunt_decor_fettered

Skill      XL: |  1 |
---------------+----+-----
Ranged Weapons | 3 |  3.1
Fighting       | |  1.4
Dodging        | |  2.1
Spellcasting   | |  1.0
Hexes          | |  2.0

Action                     || total
---------------------------++-------
   Fire: Sling             ||    16
 Armour: Robe              ||     7
  Dodge: Dodged            ||    10

Table legend:
 A = Non-vault XP
 B = Vault XP
 C = Vault XP percentage of total XP
 D = Non-vault monster count
 E = Vault monster count
 F = Vault count percentage of total count
                 A         B        C        D         E       F
            +---------+---------+-------+---------+---------+-------
      Total |      21 |       0 |   0.0 |      11 |       0 |   0.0
            +---------+---------+-------+---------+---------+-------
        D:1 |      21 |       0 |   0.0 |      11 |       0 |   0.0
            +---------+---------+-------+---------+---------+-------
